 Dungeon Crawl Stone Soup version 0.26-a0-1026-g544776af23 (webtiles) character file.

Game seed: 12299900558731235488

1209 pablito the Sneak (level 8, -1/41 HPs)
             Began as a Gargoyle Earth Elementalist on Dec 9, 2020.
             Was a Follower of Vehumet.
             Slain by Prince Ribbit (10 damage)
             ... on level 6 of the Dungeon.
             The game lasted 00:20:50 (6331 turns).

pablito the Sneak (Gargoyle Earth Elementalist)     Turns: 6331, Time: 00:20:51

Health: -1/41      AC: 14    Str: 17    XL:     8   Next: 45%
Magic:  1/11       EV: 10    Int: 19    God:    Vehumet [*.....]
Gold:   297        SH:  8    Dex: 10    Spells: 9/11 levels left

rFire    + . .     SeeInvis .   A - +4 morningstar (protect)
rCold    + . .     Faith    .   j - +0 kite shield
rNeg     + . .     Spirit   .   c - +0 robe
rPois    ∞         Reflect  .   (no helmet)
rElec    +         Harm     .   u - scarf {rC+ rF+}
rCorr    .         Rampage  .   (no gloves)
Will     .....                  (no boots)
Stlth    +++.......             y - amulet of the acrobat
HPRegen  0.13/turn              v - +6 ring of strength
MPRegen  0.12/turn              n - +4 ring of slaying

@: protection aura, very slightly contaminated
A: negative energy resistance 1, electricity resistance, unbreathing,
petrification resistance, rot immunity, AC +5
a: Renounce Religion


You were on level 6 of the Dungeon.
You worshipped Vehumet.
Vehumet was aware of your devotion.
You visited 2 branches of the dungeon, and saw 7 of its levels.

You collected 297 gold pieces.

Inventory:

Hand Weapons
 A - a +4 morningstar of protection (weapon)
Missiles
 b - 43 stones
 K - 2 boomerangs of dispersal
Armour
 c - a +0 robe (worn)
 j - a +0 kite shield (worn)
 u - a scarf of resistance (worn)
Magical Staves
 H - an uncursed staff of earth
Jewellery
 h - an uncursed ring of positive energy
 n - a +4 ring of slaying (right hand)
 q - an uncursed ring of resist corrosion
 v - a +6 ring of strength (left hand)
 w - an uncursed amulet of guardian spirit
 y - an amulet of the acrobat (around neck)
 M - an uncursed ring of willpower
Wands
 x - a wand of enslavement (11)
 E - a wand of polymorph (11)
 I - a wand of digging (7)
Scrolls
 d - a scroll of enchant armour {unknown}
 m - 3 scrolls of remove curse
 o - 2 scrolls of blinking {unknown}
 r - 6 scrolls of identify
 t - a scroll of fog {unknown}
 F - 2 scrolls of amnesia {unknown}
 G - 2 scrolls of teleportation {unknown}
 J - 2 scrolls of immolation
 L - a scroll of noise {unknown}
 N - a scroll of enchant weapon
Potions
 a - 2 potions of berserk rage {unknown}
 e - a potion of haste {unknown}
 f - a potion of brilliance {unknown}
 g - 2 potions of degeneration {unknown}
 i - a potion of heal wounds
 k - 2 potions of resistance {unknown}
 l - a potion of lignification {unknown}
 p - 3 potions of curing
 s - 4 potions of magic {unknown}
 z - 2 potions of mutation {unknown}
 B - a potion of cancellation {unknown}
 C - a potion of invisibility {unknown}
 D - a potion of flight {unknown}


   Skills:
 + Level 3.4 Maces & Flails
 + Level 3.1 Armour
 - Level 2.7 Dodging
 * Level 6.8 Stealth
 + Level 3.2 Shields
 - Level 2.4 Spellcasting
 - Level 1.4 Transmutations
 + Level 1.7 Fire Magic
 + Level 5.8 Earth Magic


You had 9 spell levels left.
You knew the following spells:

 Your Spells              Type           Power        Failure   Level
a - Sandblast             Erth           ###...       7%          1
b - Foxfire               Conj/Fire      #...         45%         1

Your spell library contained the following spells:

 Spells                   Type           Power        Failure   Level
 Passwall                 Tmut/Erth      ###.....     26%         2
 Stone Arrow              Conj/Erth      ##....       54%         3
 Petrify                  Tmut/Erth      ###.....     86%         4
 Lee's Rapid Deconstruct  Erth           ###.......   88%         5


Dungeon Overview and Level Annotations

Branches:
Dungeon (6/15)             Temple (1/1) D:4

Altars:
Cheibriados
Dithmenos
Elyvilon
Fedhas
Gozag
Hepliaklqana
Kikubaaqudgha
Nemelex Xobeh
Qazlal
Ru
Trog
Vehumet
Wu Jian
Xom
Yredelemnul
Zin
The Shining One

Annotations:
D:5 4 transporters, streetpizza's ghost, novice DrCj
D:6 Prince Ribbit


Innate Abilities, Weirdness & Mutations

You are resistant to torment.
Your stone body is resilient. (AC +5)
You are immune to poison.
You resist negative energy. (rN+)
You are resistant to electric shocks. (rElec)
You can survive without breathing.
You are immune to petrification.
You are immune to rotting.


Message History

You feel a surge of power!
The blast of sand hits the wight.
You destroy the wight!
Vehumet accepts your kill.
You feel a surge of power!
The blast of sand misses Prince Ribbit.
Prince Ribbit hits you.
You don't have enough magic to cast that spell.
You don't have enough magic to cast that spell.
You don't have enough magic to cast that spell.
Your +4 morningstar of protection hums with potential!
A - a +4 morningstar of protection (weapon)
Prince Ribbit hits you but does no damage.
You barely miss Prince Ribbit. Prince Ribbit hits you. Prince Ribbit hits you!
You hit Prince Ribbit.
Your weapon exudes an aura of protection.
Prince Ribbit is lightly wounded.
Prince Ribbit hits you.
* * * LOW HITPOINT WARNING * * *
Prince Ribbit catches a millipede with his tongue.
Prince Ribbit hits you!
You die...

..... .. .# #.<.
..... .. .####
#..# ..... .# #.
.... ...## .....
...###. ...
..... .....
...>...#.. ..
###... .....
.#....... ..#
#.... ..###
..###.).# #..#
...... .## #..#.
#)####.... #..#.
..... #...
#.@#...... .....
##..###.F......
###..
##....##........
# ### .
..##...........
#.. ...
#.###..........
... ## #
#.###.##....#..
... . #[.#..#
#...... #.. #.
#..#.## ......
##. ##.####....#
#..... #.


You could see Prince Ribbit.

Vanquished Creatures
  An ice beast (D:5)
  A centaur (D:6)
  An ogre (D:4)
  2 scorpions
  3 killer bees (D:5)
  4 wights (D:6)
  A howler monkey (D:4)
  3 hounds
  An orc priest (D:5)
  A centaur skeleton (D:6)
  7 orc wizards
  6 adders
  A howler monkey skeleton (D:4)
  3 shadow imps
  4 worms
  A dart slug (D:1)
  6 leopard geckos
  8 orcs
  5 giant cockroaches
  4 goblins
  4 hobgoblins
  7 quokkas
  A ball python (D:4)
  6 bats
  4 frilled lizards
  A giant cockroach zombie (D:4)
  11 kobolds
  A leopard gecko skeleton (D:5)
  7 rats
105 creatures vanquished.

Notes
Turn   | Place    | Note
-------+----------+-------------------------------------------
     0 | D:1      | pablito the Gargoyle Earth Elementalist began the quest for
                  | the Orb.
     0 | D:1      | Reached XP level 1. HP: 10/10 MP: 3/3
    97 | D:1      | Reached skill level 1 in Transmutations
   210 | D:1      | Reached XP level 2. HP: 15/15 MP: 3/5
  1188 | D:2      | Reached XP level 3. HP: 18/19 MP: 3/6
  1216 | D:2      | Found a basalt altar of Yredelemnul.
  1291 | D:2      | Found a white marble altar of Elyvilon.
  1329 | D:2      | Found a snail-covered altar of Cheibriados.
  1387 | D:2      | Reached skill level 3 in Stealth
  1640 | D:2      | Reached XP level 4. HP: 24/24 MP: 2/7
  1852 | D:2      | Reached skill level 1 in Maces & Flails
  2071 | D:3      | HP: 2/24 [something (1)]
  2291 | D:3      | Reached XP level 5. HP: 28/28 MP: 1/8
  2482 | D:3      | Found an opulent altar of Gozag.
  3381 | D:3      | Found a blossoming altar of Fedhas.
  3381 | D:3      | Found a sacrificial altar of Ru.
  3460 | D:4      | Reached skill level 4 in Stealth
  3654 | D:4      | Found a staircase to the Ecumenical Temple.
  3735 | Temple   | Entered the Ecumenical Temple
  3834 | Temple   | Became a worshipper of Vehumet
  4042 | D:4      | Noticed an ogre
  4045 | D:4      | Killed an ogre
  4046 | D:4      | Reached XP level 6. HP: 32/32 MP: 5/9
  4053 | D:4      | Reached skill level 1 in Armour
  4053 | D:4      | Reached skill level 1 in Shields
  5028 | D:5      | Entered Level 5 of the Dungeon
  5117 | D:5      | Reached skill level 5 in Stealth
  5117 | D:5      | Reached XP level 7. HP: 36/36 MP: 8/10
  5120 | D:5      | Reached skill level 5 in Earth Magic
  5301 | D:5      | Found a transporter.
  5460 | D:5      | Reached * piety under Vehumet
  5460 | D:5      | Offered knowledge of Foxfire by Vehumet.
  5469 | D:5      | Learned a level 1 spell: Foxfire
  5516 | D:5      | Found a transporter.
  5591 | D:5      | Noticed streetpizza's ghost (novice DrCj)
  5592 | D:5      | Found a transporter.
  5594 | D:5      | Found a transporter.
  5935 | D:6      | Reached skill level 6 in Stealth
  6045 | D:6      | Reached XP level 8. HP: 41/41 MP: 8/11
  6048 | D:6      | Reached skill level 1 in Fire Magic
  6323 | D:6      | Noticed Prince Ribbit
  6331 | D:6      | Slain by Prince Ribbit

Illustrated notes

Levels and vault maps discovered:
D:1:      psy_arrival_basics, layout_loops_cross
D:2:      layout_rooms, chequers_temple_overflow_statue_of_worship,
          lemuel_doored_altar
D:3:      minmay_general_purpose_star, layout_loops_corners,
          gammafunk_temple_overflow_pools, grunt_gozag_statues,
          grunt_ministairs_13, chequers_serial_rivers_small_a
D:4:      layout_loops_corners, lemuel_temple_firewalk_b
D:5:      gammafunk_steamed_eel, layout_basic, gammafunk_ghost_smash
D:6:      layout_layer_cave, kennysheep_mini, item_on_display_a,
          uniq_prince_ribbit1
Temple:   minmay_temple_curvy_loop

Skill      XL: |  1  2  3  4  5  6  7  8 |
---------------+-------------------------+-----
Transmutations | 1 |  1.4
Dodging        | 2 |  2.7
Stealth        | 3 4 5 6 |  6.8
Earth Magic    | 4 5 |  5.8
Maces & Flails | 1 2 3 |  3.4
Armour         | 1 2 3 |  3.1
Shields        | 1 2 3 |  3.2
Fire Magic     | 1 |  1.7
Spellcasting   | |  2.4

Action                   |  1- 3 |  4- 6 |  7- 9 || total
-------------------------+-------+-------+-------++-------
Melee: Unarmed           |     7 |       |       ||     7
       Mace              |    29 |     7 |       ||    36
       Morningstar       |       |    41 |    12 ||    53
       Staff             |       |       |     2 ||     2
 Cast: Sandblast         |    43 |    68 |    49 ||   160
  Use: Scroll            |     1 |     4 |     1 ||     6
       Potion            |       |     2 |     1 ||     3
 Stab: Sleeping          |       |     3 |       ||     3
Armor: Robe              |    19 |    31 |     8 ||    58
Dodge: Dodged            |    22 |    26 |    28 ||    76
Block: Kite shield       |    25 |    28 |    21 ||    74

Table legend: (Time is in decaauts)
 A = Elapsed time spent in this place.
 B = Non-inter-level travel time spent in this place.
 C = Inter-level travel time spent in this place.
 D = Time resting spent in this place.
 E = Time spent auto-exploring this place.
 F = Levels seen in this place.
 G = Mean time per level.
                   A        B        C        D        E       F      G
               +--------+--------+--------+--------+--------+-----+--------+
         Total |   6373 |   6144 |    229 |      0 |   5235 |   7 |  910.4 |
       Dungeon |   6145 |   5940 |    205 |      0 |   5046 |   6 | 1024.2 |
        Temple |    227 |    203 |     24 |      0 |    189 |   1 |  227.0 |
               +--------+--------+--------+--------+--------+-----+--------+

Top non-repeatable levels by time:
     D:3: 1426 daAuts
     D:4: 1365 daAuts
     D:1: 1134 daAuts
     D:2: 912 daAuts
     D:5: 823 daAuts
     D:6: 483 daAuts
  Temple: 227 daAuts
